AoeStats
← Heredero

Pilgrims

509516007Analyzed
2v2 RM · 4d ago on Sep 27, 2026· 29m 51s· 4 players
Game mode
Random Map
Map size
Medium (4 player)
Population
200
Speed
Normal
Resources
Standard
Victory
Conquest
Starting age
Dark Age
Ending age
Imperial Age
RankedLock teamsTeams togetherTeam positionsShared explorationLock speedFull tech treeHidden civsTurbo modeCheats
Victory
Defeat
🇦🇷 Malay · Argentina
1301
+16
🇦🇷 Maya · Argentina
1292
+15
🇧🇷 Shu · Brazil
1307
-16
🇺🇸 Varangians · United States
1280
-15
Uhtred_of_Bebbamburg
4:56 Loom
11:09 Feudal Age
12:33 Double-Bit Axe
13:12 Forging
18:28 Town Watch
21:21 Castle Age
22:31 Fletching
25:12 Crossbowman
25:57 Padded Archer Armor
26:49 Bodkin Arrow
27:30 Thumb Ring
29:19 Leather Archer Armor
FozzyLumbits
6:49 Loom
10:44 Feudal Age
12:19 Double-Bit Axe
14:08 Horse Collar
16:06 Bloodlines
23:13 Castle Age
23:21 Fletching
23:53 Forging
23:17 Pikeman
Heredero
6:58 Loom
9:41 Feudal Age
9:42 Double-Bit Axe
18:19 Castle Age
18:21 Forging
18:31 Medium Warships
19:20 Scale Barding Armor
19:44 Town Watch
20:59 Iron Casting
22:05 Fishing Lines
27:30 Gillnets
29:20 Devotion
NicoXL
5:07 Loom
11:36 Feudal Age
12:07 Fishing Lines
14:07 Fletching
15:23 Double-Bit Axe
21:46 Castle Age
21:37 Padded Archer Armor
21:32 Gold Mining
21:26 Horse Collar
22:41 Medium Warships
23:21 Bodkin Arrow
24:25 Leather Archer Armor
24:43 Heavy Plow
26:33 Bow Saw
25:45 Crossbowman
Connection lost

Rejoining the realm…

Still unreachable

The connection could not be restored.

Session expired

The server has moved on; the page needs a fresh start.